 Dungeon Crawl Stone Soup version 0.26.0-10-g1f06aea511 (webtiles) character file.

Game seed: 12219767522083217722

46 MajorAdolf the Ruffian (level 3, -3/46 HPs)
             Began as a Naga Transmuter on Jan 17, 2021.
             Hit by a stone thrown by a kobold (5 damage)
             ... on level 3 of the Dungeon.
             The game lasted 00:03:26 (1855 turns).

MajorAdolf the Ruffian (Naga Transmuter)            Turns: 1855, Time: 00:03:27

Health: -3/46      AC:  2    Str: 12    XL:     3   Next: 68%
Magic:  6/6        EV: 10    Int: 14    God:
Gold:   75         SH:  0    Dex: 11    Spells: 2/6 levels left

rFire    . . .     SeeInvis +     - Unarmed
rCold    . . .     Faith    .   (no shield)
rNeg     . . .     Spirit   .   a - +0 robe
rPois    +         Reflect  .   (no helmet)
rElec    .         Harm     .   (no cloak)
rCorr    .         Rampage  .   (no gloves)
Will     .....                  (no barding)
Stlth    ..........             (no amulet)
HPRegen  0.15/turn              (no ring)
MPRegen  0.10/turn              (no ring)

@: berserking (expiring), quick
A: large, see invisible, deformed body, poison resistance, slowness 2, spit
poison 1, AC +1
a: Spit Poison


You were on level 3 of the Dungeon.
You visited 1 branch of the dungeon, and saw 3 of its levels.

You collected 75 gold pieces.

Inventory:

Armour
 a - a +0 robe (worn)
Scrolls
 b - a scroll of identify
 c - a scroll of teleportation
Potions
 e - a potion of curing {unknown}
 f - a potion of heal wounds {unknown}
 g - a potion of might {unknown}


   Skills:
 - Level 1.0 Fighting
 - Level 1.5 Dodging
 - Level 3.8 Unarmed Combat
 - Level 2.1 Spellcasting
 - Level 2.0 Transmutations
 + Level 2.6 Poison Magic


You had 2 spell levels left.
You knew the following spells:

 Your Spells              Type           Power        Failure   Level
a - Beastly Appendage     Tmut           14%          11%         1
b - Spider Form           Tmut/Pois      4%           26%         3

Your spell library contained the following spells:

 Spells                   Type           Power        Failure   Level
 Wereblood                Tmut           7%           16%         2
 Ice Form                 Ice/Tmut       4%           83%         4
 Blade Hands              Tmut           3%           96%         5


Dungeon Overview and Level Annotations

Branches:
Dungeon (3/15)

Altars:


Innate Abilities, Weirdness & Mutations

You cannot wear boots.
Your serpentine skin is tough. (AC +1)
You have supernaturally acute eyesight. (SInv)
Armour fits poorly on your strangely shaped body.
Your system is resistant to poisons. (rPois)
You cover ground very slowly.
You can spit poison.


Message History

The jackal barely misses you.
There is a stone staircase leading down here.
It was a potion of berserk rage.
A red film seems to cover your vision as you go berserk!
You feel yourself moving faster!
You feel mighty! The jackal barely misses you.
You feel a strong urge to attack something.
The jackal bites you.
* * * LOW HITPOINT WARNING * * *
You climb downwards.
A rat and a kobold come into view.
The kobold shouts!
Found 6 gold pieces.
Found a stone staircase leading up.
There is a stone staircase leading up here.
You hit the jackal.
The jackal is severely wounded.
The jackal closely misses you.
You hit the jackal.
You kill the jackal!
The kobold throws a stone.
The stone hits you.
You die...

.......r##
##.#..<... .
..#.....# ..
#.......#.#
#.........##
#..........
#$.†...#
#.@...#
#.....#
.K######
.... ##..
###


You could see a kobold and a rat.

Vanquished Creatures
  An adder (D:2)
  An ooze (D:1)
  A dart slug (D:1)
  A leopard gecko (D:1)
  A giant cockroach (D:1)
  6 goblins
  2 hobgoblins
  3 jackals
  2 bats (D:1)
  2 frilled lizards (D:2)
  7 kobolds
  2 rats
29 creatures vanquished.

Notes
Turn   | Place    | Note
-------+----------+-------------------------------------------
     0 | D:1      | MajorAdolf the Naga Transmuter began the quest for the Orb.
     0 | D:1      | Reached XP level 1. HP: 18/18 MP: 3/3
   227 | D:1      | Reached XP level 2. HP: 11/25 MP: 3/5
  1357 | D:1      | Reached skill level 1 in Poison Magic
  1357 | D:1      | Reached XP level 3. HP: 22/31 MP: 4/6
  1445 | D:1      | Learned a level 3 spell: Spider Form
  1852 | D:2      | HP: 1/46 [jackal (2)]
  1855 | D:3      | Hit by a stone thrown by a kobold

Illustrated notes

Levels and vault maps discovered:
D:1:      tarquinn_simple_flora_water_b, layout_basic
D:2:      layout_rooms, lemuel_crystal_altar
D:3:      layout_rooms, lemuel_round_altar, serial_curves, eino_curves_01,
          eino_curves_02, eino_curves_03

Skill      XL: |  1  2  3 |
---------------+----------+-----
Poison Magic   | 1 2 |  2.6
Fighting       | |  1.0
Dodging        | |  1.5
Unarmed Combat | |  3.8
Spellcasting   | |  2.1
Transmutations | |  2.0

Action                   || total
-------------------------++-------
Melee: Unarmed           ||    86
       Headbutt          ||     9
       Punch             ||     1
 Cast: Beastly Appendage ||    19
 Abil: Spit Poison       ||     9
  Use: Scroll            ||     2
       Potion            ||     1
Armor: Robe              ||    12
Dodge: Dodged            ||    51
